 Dungeon Crawl Stone Soup version 0.29.0-4-gdea44cf6ec (webtiles) character file.

Game seed: 13826059595950614315

158036 qw the Severer (level 18, -1/146 HPs)
             Began as a Formicid Cinder Acolyte on Sept 3, 2022.
             Was a High Priest of Okawaru.
             Killed from afar by Nikola (38 damage)
             ... with an arc of chain lightning
             ... on level 3 of the Shoals.
             The game lasted 00:16:56 (37271 turns).

qw the Severer (Formicid Cinder Acolyte)           Turns: 37271, Time: 00:16:57

Health: -1/146     AC: 30    Str: 29    XL:     18   Next: 33%
Magic:  20/25      EV: 12    Int:  7    God:    Okawaru [*****.]
Gold:   1218       SH: 22    Dex: 13    Spells: 19/19 levels left

rFire   + . .      SeeInvis +   k - +9 executioner's axe (protect)
rCold   + + .      Faith    .   t - +2 kite shield {rF+}
rNeg    . . .      Spirit   .   n - +1 plate armour
rPois   +          Reflect  +   (helmet unavailable)
rElec   +          Harm     .   s - +2 cloak {rPois}
rCorr   .          Rampage  .   c - +2 pair of gloves of Qocet {rElec Str+3}
Will    +....                   r - +2 pair of boots of the Frog {rElec rC+ Int-4}
Stlth   ..........              q - amulet of reflection
HPRegen 0.34/turn               Y - ring of protection from cold
MPRegen 0.19/turn               w - +4 ring of slaying {mikee}

@: heroic, finesse-ful, very slow
A: permanent stasis, dig shafts and tunnels, antennae 3, four strong arms, agile
1, dopey 1
a: Dig, Shaft Self, Renounce Religion, Heroism, Finesse, Duel


You were on level 3 of the Shoals.
You worshipped Okawaru.
Okawaru was extremely pleased with you.
You visited 6 branches of the dungeon, and saw 29 of its levels.
You visited the Abyss 1 time.
You also visited: Gauntlet.

You collected 2781 gold pieces.
You spent 1563 gold pieces at shops.


Innate Abilities, Weirdness & Mutations

You cannot be hasted, slowed, berserked, paralysed or teleported.
You can dig through walls and to a lower floor.
You have a pair of large antennae on your head. (SInv)
Your four strong arms can wield two-handed weapons with a shield.
You are agile. (Dex +4, Str/Int -1)
You are dopey. (Int -2)


   Skills:
 - Level 14.0(19.0) Fighting
 + Level 20.5(25.5) Axes
 - Level 8.1(13.1) Throwing
 - Level 13.0(18.0) Armour
 - Level 5.0(10.0) Dodging
 - Level 15.0(20.0) Shields
 - Level 1.1 Spellcasting
 - Level 3.0 Fire Magic
 - Level 10.0 Invocations


You had 19 spell levels left.
You didn't know any spells.
Your spell library contained the following spells:

 Spells                   Type           Power      Damage    Failure   Level
 Scorch                   Fire           8%         2d5       75%         2

Inventory:

Hand Weapons
 k - a +9 executioner's axe of protection (weapon)
Missiles
 e - 12 boomerangs
 u - 10 javelins (quivered)
 A - 5 boomerangs of dispersal
Armour
 c - the +2 pair of gloves of Qocet (worn) {rElec Str+3}
   (You acquired it on level 3 of the Dungeon)

   Str:       It affects your strength (+3).
   rElec:     It insulates you from electricity.
 j - a +1 chain mail of fire resistance
 n - a +1 plate armour (worn)
 r - the +2 pair of boots of the Frog (worn) {rElec rC+ Int-4}
   (Okawaru gifted it to you on level 1 of the Spider Nest)

   Int:       It affects your intelligence (-4).
   rC:        It protects you from cold.
   rElec:     It insulates you from electricity.
 s - a +2 cloak of poison resistance (worn)
 t - a +2 kite shield of fire resistance (worn)
 x - the +1 cloak of Tender Moments {-Cast rF+ Dex+2}
   (You bought it in a shop on level 2 of the Orcish Mines)

   Dex:       It affects your dexterity (+2).
   rF:        It protects you from fire.
   -Cast:     It prevents spellcasting.
 z - a +1 kite shield of resistance
Jewellery
 a - a ring of protection from fire
 p - a ring of fire
 q - an amulet of reflection (around neck)
 w - a +4 ring of slaying (right hand) {mikee}
 Y - a ring of protection from cold (left hand)
Scrolls
 d - 8 scrolls of identify
 y - a scroll of enchant weapon
Potions
 b - 2 potions of magic
 f - 5 potions of might
 g - 6 potions of cancellation
 h - 6 potions of mutation
 i - 4 potions of resistance
 l - a potion of haste
 m - 5 potions of curing
 o - 3 potions of heal wounds

Dungeon Overview and Level Annotations

Branches:
Dungeon (15/15)            Temple (1/1) D:7            Lair (5/5) D:8
 Shoals (3/4) Lair:3       Spider (3/4) Lair:2        Slime (0/5) Lair:5
    Orc (2/2) D:12            Elf (0/3) Orc:2        Vaults (0/5) D:13
 Depths (0/4) D:15        Gauntlet (visited)

Altars:
Ashenzari
Cheibriados
Dithmenos
Fedhas
Gozag
Kikubaaqudgha
Makhleb
Nemelex Xobeh
Okawaru
Qazlal
Ru
Uskayaw
Vehumet
Yredelemnul
Zin

Shops:
D:3 (   D:7 *   D:9 [   Orc:2 !*?[   Shoals:1 (

Annotations:
D:7 1 runed translucent door, Crazy Yiuf
Lair:3 3 runed translucent doors, qw's ghost, journeyman TrCA
Shoals:3 Nikola
Spider:3 2 transporters, qw's ghost, adept TrCA


Message History

The merfolk hits you but does no damage.
You chop Nikola into pieces!!!
Nikola is heavily wounded.
The merfolk avatar chants its luring song.
You slice Nikola like a ripe choko!!!
Nikola is severely wounded.
Nikola casts a spell.
Nikola blinks!
The pull of its song draws you forwards. x2
The merfolk hits you but does no damage.
The merfolk avatar chants its luring song.
Nikola warns, "If you see one of my golems, approach with caution, they bite."
Nikola casts a spell.
Lightning arcs from Nikola's hands!
The bolt of lightning hits the merfolk!!!
The merfolk dies!
A bolt of lightning appears from out of thin air!
The bolt of lightning hits the merfolk!!
The merfolk dies!
You hear a splash. x2
The bolt of lightning hits you!! You resist.
The bolt of lightning hits the merfolk avatar!!!
A bolt of lightning appears from out of thin air!
The bolt of lightning hits the snapping turtle!!
The merfolk avatar chants its luring song.
You hear a shout! x3; You hear an angry hiss.
Enter note: Nikola mumbles some strange words.
Lightning arcs from Nikola's hands!
The bolt of lightning hits the merfolk avatar!!
You break out of your daze!
The merfolk avatar dies!
A bolt of lightning appears from out of thin air!
The bolt of lightning hits you!! You resist.
You hear a shout! x2
You block the snapping turtle's attack.
Nikola mumbles some strange words.
Lightning arcs from Nikola's hands!
The bolt of lightning hits you!!! You resist.
You die...

#...~~~~.~~~.......<.~~~
#..~~....~~....[....~~~
#.~..~~~~.........)~~~
#..~~~~~............~~
###..~~~~..............~
.....~~~~~~~~.##........
~~~~~~~t~~~~~..##....#..
~~~..~)~~~~~~........#..
~~~...~@~~~~~..#....###.
~~~@.~~~~~~~..##....##..
~~~.~~%~~~~~.........../
~~~..~~~~~~~............
~~...~~~~~~~~...~.....~~
~..~~~~~~~~~~.....~~~~~~
~~~~~~~~~~~~~~...~~~~..~
~~~~~~~~~~~~~~~~~~~~~.~.
~~~~~~~~~~~~~~~~~~~~~~~~


You could see Nikola and a snapping turtle.

Vanquished Creatures
  Gastronok (Orc:1)
  A kraken (Shoals:1)
  Donald (Spider:2)
  Kirke (D:14)
  Agnes (Spider:2)
  Roxanne (Spider:1)
  An orc warlord (Orc:1)
  2 emperor scorpions
  A ghost moth (Spider:2)
  A cacodemon (Gauntlet)
  Aizul (Spider:1)
  A broodmother (Spider:3)
  An ironbound preserver (D:13)
  2 entropy weavers
  Azrael (Spider:1)
  A minotaur (Gauntlet)
  A dire elephant (Lair:5)
  A spark wasp (Spider:2)
  A merfolk impaler (Shoals:3)
  A rakshasa (D:15)
  Erolcha (D:9)
  7 boulder beetles
  A jorogumo (Spider:2)
  9 hydras
  7 centaur warriors
  A radroach (Spider:3)
  A death knight (D:14)
  5 death yaks (Lair:5)
  A catoblepas (Lair:5)
  A two-headed ogre (Orc:1)
  2 death scarabs (Gauntlet)
  A merfolk aquamancer (Shoals:1)
  A tengu warrior (D:15)
  A deep troll shaman (Lair:5)
  An orc high priest (Orc:1)
  A deep elf knight (Orc:1)
  A soul eater (Gauntlet)
  5 pharaoh ants
  Amaemon (D:10)
  6 skeletal warriors
  2 sun moths (Spider:3)
  8 sea snakes
  7 orb spiders
  9 steelbarb worms
  A glowing orange brain (D:15)
  3 orc knights
  A spectral hydra (Gauntlet)
  22 harpies
  2 deep elf pyromancers
  6 ugly things
  5 orc sorcerers
  11 wolf spiders
  A spectral boulder beetle (Gauntlet)
  5 manticores
  An oklob plant (Lair:1)
  11 fauns
  5 cyclopes
  8 moths of wrath
  4 merfolk sirens
  4 torpor snails
  15 elephants
  2 black mambas
  4 water nymphs
  Maurice (Orc:1)
  An orange demon (D:10)
  An unseen horror (D:13)
  8 cane toads
  A gargoyle (D:11)
  Maggie (D:7)
  A minotaur zombie (Gauntlet)
  A yaktaur (D:15)
  A rime drake (Lair:4)
  2 ice devils (D:11)
  5 komodo dragons
  An efreet (Gauntlet)
  4 demonic crawlers
  A queen bee (shapeshifter) (D:13)
  12 merfolk
  2 polar bears
  A wind drake (shapeshifter) (D:14)
  15 tarantellas
  5 trolls
  6 wind drakes
  5 dream sheep
  7 slime creatures
  5 blink frogs (Lair:3)
  A raiju (Gauntlet)
  4 snapping turtles
  22 jumping spiders
  13 culicivoras
  3 wraiths
  2 shadows
  A vampire (D:12)
  3 water elementals (Shoals:1)
  23 yaks
  A yak (shapeshifter) (D:15)
  5 wyverns
  6 hogs (D:14)
  31 redbacks
  3 steam dragons
  30 fire elementals
  2 basilisks
  2 wargs
  A spectral cane toad (Gauntlet)
  5 vampire mosquitoes (D:12)
  2 acid dragons
  19 water moccasins
  7 hell hounds
  40 orc warriors
  A sky beast (D:6)
  An ice beast (D:5)
  5 black bears
  8 ogres
  A spectral rime drake (Gauntlet)
  14 centaurs
  13 wolves
  2 phantoms
  Blork the orc (D:6)
  2 necrophages
  8 kobold brigands
  5 gnoll sergeants
  9 bullfrogs
  A scorpion (shapeshifter) (D:13)
  6 scorpions
  7 wights
  6 killer bees (D:11)
  4 howler monkeys
  4 jellies
  3 gnoll boudas
  6 hounds
  19 orc priests
  4 iguanas
  15 orc wizards
  9 hell rats
  34 gnolls
  2 adders
  2 shadow imps (Gauntlet)
  2 white imps (D:7)
  2 ufetubi
  6 worms
  3 dart slugs
  95 orcs
  7 bats
  6 endoplasms
  6 giant cockroaches
  11 goblins
  6 hobgoblins
  3 jackals (D:5)
  27 kobolds
  2 quokkas
  6 ball pythons
  2 frilled lizards
  7 rats
  4 tentacles (Shoals:1)
913 creatures vanquished.

Vanquished Creatures (others)
  A merfolk avatar (Shoals:3)
  A wizard (D:15)
  2 merfolk (Shoals:3)
  4 demonic plants (Gauntlet)
  31 fungi
  64 plants
  A tentacle (Shoals:1)
104 creatures vanquished.

Grand Total: 1017 creatures vanquished

Notes
Turn   | Place    | Note
-------+----------+-------------------------------------------
     0 | D:1      | qw the Formicid Cinder Acolyte began the quest for the Orb.
     0 | D:1      | Reached XP level 1. HP: 18/18 MP: 2/2
     0 | D:1      | 0 ||| qw: Version: 0.1-a-102-g441f92d
     0 | D:1      | 0 ||| qw: Game counter: 5105
     0 | D:1      | 0 ||| qw: Always use a shield: true
     0 | D:1      | 0 ||| qw: God list: Okawaru
     0 | D:1      | 0 ||| qw: Allow faded altars: false
     0 | D:1      | 0 ||| qw: Do Orc after D:15 true
     0 | D:1      | 0 ||| qw: Do second Lair branch before Depths: true
     0 | D:1      | 0 ||| qw: Lair rune preference: random
     0 | D:1      | 0 ||| qw: Plans: Normal
     0 | D:1      | 0 ||| PLANNING D:1-11
    50 | D:1      | 50 ||| INVOKING Fiery Armour.
   230 | D:1      | 230 ||| Stepping ~*~*~tactically~*~*~ (stealth).
   237 | D:1      | 237 ||| Stepping ~*~*~tactically~*~*~ (stealth).
   239 | D:1      | 239 ||| Stepping ~*~*~tactically~*~*~ (stealth).
   241 | D:1      | 241 ||| Stepping ~*~*~tactically~*~*~ (stealth).
   248 | D:1      | Reached XP level 2. HP: 24/24 MP: 3/3
   630 | D:1      | 630 ||| INVOKING Fiery Armour.
   959 | D:1      | 959 ||| INVOKING Fiery Armour.
  1210 | D:1      | Reached skill level 4 in Axes
  1210 | D:1      | Reached XP level 3. HP: 28/29 MP: 4/4
  1451 | D:1      | 1451 ||| UPGRADING to +0 leather armour.
  1461 | D:1      | 1461 ||| DROPPING +0 robe.
  1462 | D:1      | 1462 ||| UPGRADING to ring of protection from cold.
  1463 | D:1      | 1463 ||| READING scroll labelled BYFEEMI QIANARCH.
  1464 | D:1      | 1464 ||| READING 2 scrolls labelled ZUKLOS JIJUFRY.
  1465 | D:1      | 1465 ||| READING 2 scrolls labelled RUCURUI BAME.
  1466 | D:1      | 1466 ||| DRINKING 2 murky green potions.
  1567 | D:1      | 1567 ||| DRINKING 2 smoky blue potions.
  1618 | D:1      | 1618 ||| DRINKING 2 fuming sapphire potions.
  1619 | D:1      | 1619 ||| DROPPING potion of ambrosia.
  1620 | D:1      | 1620 ||| DROPPING potion of lignification.
  1621 | D:1      | 1621 ||| DROPPING scroll of fog.
  1622 | D:1      | 1622 ||| DROPPING potion of flight.
  1931 | D:2      | 1931 ||| INVOKING Fiery Armour.
  2438 | D:2      | 2438 ||| Stepping ~*~*~tactically~*~*~ (hiding).
  2482 | D:2      | Reached XP level 4. HP: 33/35 MP: 5/5
  2765 | D:2      | 2765 ||| UPGRADING to scarf of repulsion.
  2770 | D:2      | 2770 ||| UPGRADING to +0 ring mail.
  2780 | D:2      | 2780 ||| DROPPING +0 leather armour.
  2781 | D:2      | 2781 ||| UPGRADING to +0 plate armour.
  2791 | D:2      | 2791 ||| DROPPING +0 ring mail.
  2792 | D:2      | 2792 ||| READING scroll labelled CAMORHARIP.
  2792 | D:2      | Identified a scroll of acquirement
  2792 | D:2      | 2792 ||| ACQUIRING +4 executioner's axe of flaming
  2792 | D:2      | Acquired a +4 executioner's axe of flaming
  2794 | D:2      | 2794 ||| SWAPPING to +4 executioner's axe of flaming.
  2795 | D:2      | 2795 ||| DROPPING -1 hand axe of flaming.
  2796 | D:2      | 2796 ||| READING 3 scrolls labelled DUGAWIUDEA.
  2797 | D:2      | 2797 ||| READING scroll labelled HYTYEGH GESU.
  2798 | D:2      | 2798 ||| READING scroll labelled MYOCSU JIPIR.
  2799 | D:2      | 2799 ||| READING scroll labelled YRYDEKUT JIDUVOIF.
  2800 | D:2      | 2800 ||| READING scroll labelled MOUQAU FIADEI.
  2801 | D:2      | 2801 ||| READING scroll labelled TICEJAM AMASKE.
  2802 | D:2      | 2802 ||| DROPPING 2 scrolls of noise.
  2803 | D:2      | 2803 ||| Stepping randomly (stuck).
  2804 | D:2      | 2804 ||| Stepping ~*~*~tactically~*~*~ (cloud).
  3002 | D:3      | 3002 ||| STAIRDANCE
  3011 | D:3      | 3011 ||| STAIRDANCE
  3037 | D:3      | 3037 ||| STAIRDANCE
  3106 | D:3      | Reached skill level 1 in Armour
  3133 | D:3      | 3133 ||| Stepping ~*~*~tactically~*~*~ (stealth).
  3146 | D:3      | Noticed a water moccasin
  3154 | D:3      | Killed a water moccasin
  3155 | D:3      | Reached skill level 5 in Axes
  3155 | D:3      | Reached XP level 5. HP: 21/41 MP: 6/6
  3155 | D:3      | Reached XP level 6. HP: 24/47 MP: 7/7
  3173 | D:3      | 3173 ||| INVOKING Fiery Armour.
  3236 | D:3      | Reached skill level 6 in Axes
  3370 | D:3      | Identified the +4 short sword of Neurosis {antimagic,
                  | rPois}
  3374 | D:3      | 3374 ||| Stepping ~*~*~tactically~*~*~ (hiding).
  3375 | D:3      | 3375 ||| Stepping ~*~*~tactically~*~*~ (hiding).
  3378 | D:3      | 3378 ||| INVOKING Fiery Armour.
  3420 | D:3      | 3420 ||| READING scroll of acquirement.
  3420 | D:3      | 3420 ||| ACQUIRING +2 pair of gloves of Qocet {rElec Str+3}
  3420 | D:3      | Acquired the +2 pair of gloves of Qocet {rElec Str+3}
  3422 | D:3      | 3422 ||| UPGRADING to +2 pair of gloves of Qocet {rElec
                  | Str+3}.
  3442 | D:3      | 3442 ||| Stepping ~*~*~tactically~*~*~ (hiding).
  3557 | D:3      | 3557 ||| UPGRADING to +0 buckler.
  3599 | D:3      | Found a faded altar of an unknown god.
  3956 | D:3      | Reached skill level 1 in Shields
  4000 | D:3      | Found Paip's Antique Weapon Boutique.
  4010 | D:3      | 4010 ||| DRINKING 2 sapphire potions.
  4011 | D:3      | 4011 ||| DRINKING 2 murky dark potions.
  4012 | D:3      | 4012 ||| DROPPING potion of brilliance.
  4133 | D:4      | 4133 ||| INVOKING Fiery Armour.
  4144 | D:4      | Reached skill level 3 in Armour
  4463 | D:4      | Reached skill level 3 in Shields
  4463 | D:4      | Reached XP level 7. HP: 52/52 MP: 8/8
  5231 | D:4      | 5231 ||| DROPPING ring of flight.
  5232 | D:4      | 5232 ||| READING scroll labelled QODUAZ KECHUWA.
  5233 | D:4      | 5233 ||| READING scroll labelled YMY CUTTAFFI.
  5334 | D:4      | 5334 ||| DRINKING 2 glowing cyan potions.
  5391 | D:5      | Entered Level 5 of the Dungeon
  5401 | D:5      | Noticed a water moccasin
  5405 | D:5      | Killed a water moccasin
  5412 | D:5      | Reached skill level 7 in Axes
  5434 | D:5      | 5434 ||| Stepping ~*~*~tactically~*~*~ (stealth).
  5443 | D:5      | Reached skill level 1 in Dodging
  5449 | D:5      | Reached skill level 1 in Throwing
  5449 | D:5      | Reached XP level 8. HP: 55/60 MP: 9/9
  5653 | D:5      | 5653 ||| Stepping ~*~*~tactically~*~*~ (hiding).
  5751 | D:5      | 5751 ||| Stepping ~*~*~tactically~*~*~ (stealth).
  5804 | D:5      | Reached skill level 8 in Axes
  5972 | D:5      | 5972 ||| FLEEEEING.
  5973 | D:5      | 5973 ||| FLEEEEING.
  5975 | D:5      | 5975 ||| FLEEEEING.
  5976 | D:5      | 5976 ||| FLEEEEING.
  5978 | D:5      | 5978 ||| FLEEEEING.
  5979 | D:5      | 5979 ||| FLEEEEING.
  5980 | D:5      | 5980 ||| FLEEEEING.
  5981 | D:5      | 5981 ||| FLEEEEING.
  5982 | D:5      | 5982 ||| FLEEEEING.
  5983 | D:5      | 5983 ||| FLEEEEING.
  5984 | D:5      | 5984 ||| FLEEEEING.
  5985 | D:5      | 5985 ||| FLEEEEING.
  5986 | D:5      | 5986 ||| FLEEEEING.
  5987 | D:5      | 5987 ||| FLEEEEING.
  5988 | D:5      | 5988 ||| FLEEEEING.
  5989 | D:5      | 5989 ||| FLEEEEING.
  5990 | D:5      | 5990 ||| FLEEEEING.
  5994 | D:5      | 5994 ||| FLEEEEING.
  5995 | D:5      | 5995 ||| FLEEEEING.
  5996 | D:5      | 5996 ||| FLEEEEING.
  5997 | D:5      | 5997 ||| FLEEEEING.
  5998 | D:5      | 5998 ||| FLEEEEING.
  6000 | D:5      | 6000 ||| STAIRDANCE
  6044 | D:4      | 6044 ||| DRINKING 2 glowing yellow potions.
  6061 | D:5      | 6061 ||| Stepping ~*~*~tactically~*~*~ (stealth).
  6062 | D:5      | 6062 ||| Stepping ~*~*~tactically~*~*~ (stealth).
  6063 | D:5      | 6063 ||| Stepping ~*~*~tactically~*~*~ (hiding).
  6064 | D:5      | 6064 ||| Stepping ~*~*~tactically~*~*~ (hiding).
  6065 | D:5      | 6065 ||| Stepping ~*~*~tactically~*~*~ (hiding).
  6297 | D:5      | 6297 ||| Stepping ~*~*~tactically~*~*~ (stealth).
  6546 | D:6      | Reached XP level 9. HP: 68/68 MP: 10/10
  6594 | D:6      | 6594 ||| Stepping ~*~*~tactically~*~*~ (stealth).
  6751 | D:6      | 6751 ||| Stepping ~*~*~tactically~*~*~ (stealth).
  6757 | D:6      | Reached skill level 9 in Axes
  6890 | D:6      | Noticed Blork the orc
  6892 | D:6      | 6892 ||| Stepping ~*~*~tactically~*~*~ (hiding).
  6903 | D:6      | Killed Blork the orc
  7062 | D:6      | 7062 ||| READING scroll labelled CINELI ROOC RIAR.
  7063 | D:6      | 7063 ||| READING scroll labelled UXZEPR KUEZXO.
  7064 | D:6      | 7064 ||| DRINKING 2 red potions.
  7065 | D:6      | 7065 ||| DROPPING potion of invisibility.
  7071 | D:7      | 7071 ||| INVOKING Fiery Armour.
  7074 | D:7      | Reached skill level 6 in Fighting
  7075 | D:7      | 7075 ||| STAIRDANCE
  7111 | D:7      | 7111 ||| STAIRDANCE
  7255 | D:7      | 7255 ||| FLEEEEING.
  7262 | D:7      | 7262 ||| STAIRDANCE
  7296 | D:7      | 7296 ||| STAIRDANCE
  7356 | D:7      | Reached skill level 10 in Axes
  7356 | D:7      | 7356 ||| STAIRDANCE
  7493 | D:7      | Noticed Maggie
  7494 | D:7      | 7494 ||| Stepping ~*~*~tactically~*~*~ (stealth).
  7503 | D:7      | Killed Maggie
  7505 | D:7      | 7505 ||| FLEEEEING.
  7506 | D:7      | 7506 ||| FLEEEEING.
  7507 | D:7      | 7507 ||| FLEEEEING.
  7508 | D:7      | 7508 ||| STAIRDANCE
  7564 | D:7      | 7564 ||| STAIRDANCE
  7569 | D:7      | 7569 ||| STAIRDANCE
  7596 | D:7      | 7596 ||| STAIRDANCE
  7612 | D:7      | 7612 ||| STAIRDANCE
  7617 | D:6      | Reached XP level 10. HP: 66/76 MP: 11/11
  7666 | D:7      | 7666 ||| DRINKING 2 potions of curing.
  7666 | D:7      | 7666 ||| (to cure confusion)
  7689 | D:7      | 7689 ||| Stepping ~*~*~tactically~*~*~ (hiding).
  7691 | D:7      | 7691 ||| Stepping ~*~*~tactically~*~*~ (hiding).
  7697 | D:7      | 7697 ||| Stepping ~*~*~tactically~*~*~ (hiding).
  7757 | D:7      | 7757 ||| Stepping ~*~*~tactically~*~*~ (hiding).
  7823 | D:7      | 7823 ||| Stepping ~*~*~tactically~*~*~ (stealth).
  7912 | D:7      | 7912 ||| Stepping ~*~*~tactically~*~*~ (stealth).
  7923 | D:7      | 7923 ||| FLEEEEING.
  7926 | D:7      | 7926 ||| FLEEEEING.
  7929 | D:7      | 7929 ||| FLEEEEING.
  7930 | D:7      | 7930 ||| FLEEEEING.
  7944 | D:7      | 7944 ||| Stepping ~*~*~tactically~*~*~ (hiding).
  8070 | D:7      | Found a runed translucent door.
  8073 | D:7      | Noticed Crazy Yiuf
  8160 | D:7      | Found Gozag's Platinum Reserve.
  8166 | D:7      | Found an opulent altar of Gozag.
  8185 | D:7      | 8185 ||| SHOPLISTING +1 pair of gloves "Hays" {rPois} (2070
                  | gold, have 327).
  8185 | D:7      | 8185 ||| SHOPLISTING ring "Yrphaot" {rF- rC+ Str+9 SInv}
                  | (4810 gold, have 327).
  8192 | D:7      | Found a staircase to the Ecumenical Temple.
  8264 | D:7      | 8264 ||| READING scroll labelled SEPPAU DIOTZ.
  8265 | D:7      | 8265 ||| READING 2 scrolls of identify.
  8265 | D:7      | 8265 ||| IDENTIFYING grey potion
  8266 | D:7      | 8266 ||| DROPPING potion of attraction.
  8316 | D:8      | 8316 ||| STAIRDANCE
  8417 | D:8      | 8417 ||| STAIRDANCE
  8534 | D:8      | 8534 ||| Stepping ~*~*~tactically~*~*~ (stealth).
  8584 | D:8      | 8584 ||| Stepping ~*~*~tactically~*~*~ (stealth).
  8585 | D:8      | Found a staircase to the Lair.
  8593 | D:8      | Noticed an elephant
  8594 | D:8      | 8594 ||| Stepping ~*~*~tactically~*~*~ (stealth).
  8595 | D:8      | 8595 ||| Stepping ~*~*~tactically~*~*~ (stealth).
  8599 | D:8      | 8599 ||| FLEEEEING.
  8604 | D:8      | Killed an elephant
  8605 | D:8      | Reached skill level 11 in Axes
  8606 | D:8      | 8606 ||| Stepping ~*~*~tactically~*~*~ (stealth).
  8608 | D:8      | 8608 ||| Stepping ~*~*~tactically~*~*~ (stealth).
  8611 | D:8      | 8611 ||| Stepping ~*~*~tactically~*~*~ (stealth).
  8770 | D:8      | 8770 ||| Stepping ~*~*~tactically~*~*~ (hiding).
  8771 | D:8      | 8771 ||| Stepping ~*~*~tactically~*~*~ (hiding).
  8772 | D:8      | 8772 ||| Stepping ~*~*~tactically~*~*~ (hiding).
  8773 | D:8      | 8773 ||| Stepping ~*~*~tactically~*~*~ (hiding).
  8966 | D:8      | 8966 ||| Stepping ~*~*~tactically~*~*~ (stealth).
  8968 | D:8      | 8968 ||| Stepping ~*~*~tactically~*~*~ (hiding).
  8976 | D:8      | Reached skill level 6 in Armour
  9012 | D:8      | 9012 ||| FLEEEEING.
  9013 | D:8      | 9013 ||| FLEEEEING.
  9014 | D:8      | 9014 ||| FLEEEEING.
  9015 | D:8      | 9015 ||| FLEEEEING.
  9016 | D:8      | 9016 ||| FLEEEEING.
  9017 | D:8      | 9017 ||| FLEEEEING.
  9018 | D:8      | 9018 ||| FLEEEEING.
  9019 | D:8      | 9019 ||| FLEEEEING.
  9020 | D:8      | 9020 ||| FLEEEEING.
  9021 | D:8      | 9021 ||| FLEEEEING.
  9022 | D:8      | 9022 ||| FLEEEEING.
  9023 | D:8      | 9023 ||| FLEEEEING.
  9024 | D:8      | 9024 ||| FLEEEEING.
  9025 | D:8      | 9025 ||| FLEEEEING.
  9026 | D:8      | 9026 ||| FLEEEEING.
  9027 | D:8      | 9027 ||| FLEEEEING.
  9028 | D:8      | 9028 ||| FLEEEEING.
  9029 | D:8      | 9029 ||| FLEEEEING.
  9030 | D:8      | 9030 ||| FLEEEEING.
  9031 | D:8      | 9031 ||| STAIRDANCE
  9474 | D:8      | 9474 ||| Stepping ~*~*~tactically~*~*~ (stealth).
  9504 | D:8      | Found a shadowy altar of Dithmenos.
  9538 | D:8      | 9538 ||| Stepping ~*~*~tactically~*~*~ (stealth).
  9699 | D:8      | 9699 ||| Stepping ~*~*~tactically~*~*~ (stealth).
  9869 | D:8      | 9869 ||| PLANNING LAIR
  9869 | D:8      | 9869 ||| DRINKING 2 lumpy yellow potions.
  9869 | D:8      | Gained mutation: You are agile. (Dex +4, Str/Int -1)
                  | [potion of mutation]
  9870 | D:8      | 9870 ||| READING 2 scrolls of identify.
  9870 | D:8      | 9870 ||| IDENTIFYING fizzy clear potion
  9902 | Lair:1   | Entered Level 1 of the Lair of Beasts
  9902 | Lair:1   | Noticed an oklob plant
  9902 | Lair:1   | Noticed a komodo dragon
  9902 | Lair:1   | Found a sacrificial altar of Ru.
  9903 | Lair:1   | 9903 ||| INVOKING Fiery Armour.
  9906 | Lair:1   | Killed a komodo dragon
  9907 | Lair:1   | HP: 11/80 [oklob plant/splash of acid (11)]
  9908 | Lair:1   | 9908 ||| DRINKING 2 potions of heal wounds.
  9909 | Lair:1   | 9909 ||| DRINKING potion of heal wounds.
  9916 | Lair:1   | Killed an oklob plant
  9917 | Lair:1   | Reached skill level 6 in Shields
 10693 | Lair:1   | 10693 ||| READING scroll of acquirement.
 10693 | Lair:1   | 10693 ||| ACQUIRING +2 buckler of the Ward {rElec Will-
                  | rCorr Int+4}
 10693 | Lair:1   | Acquired the +2 buckler of the Ward {rElec Will- rCorr
                  | Int+4}
 10695 | Lair:1   | 10695 ||| UPGRADING to +2 buckler of the Ward {rElec Will-
                  | rCorr Int+4}.
 10705 | Lair:1   | 10705 ||| DROPPING +0 buckler.
 10738 | Lair:1   | You fall into a shaft and drop 1 floor!
 10739 | Lair:2   | 10739 ||| READING scroll labelled XUZ PAERGHUN.
 10906 | Lair:2   | 10906 ||| READING 3 scrolls of identify.
 10906 | Lair:2   | 10906 ||| IDENTIFYING black potion
 10907 | Lair:2   | 10907 ||| DROPPING potion of magic.
 11133 | Lair:2   | 11133 ||| INVOKING Fiery Armour.
 11136 | Lair:2   | Reached XP level 11. HP: 85/86 MP: 12/12
 11140 | Lair:2   | Reached skill level 12 in Axes
 11395 | Lair:2   | Noticed an eight-headed hydra
 11401 | Lair:2   | Killed a six-headed hydra
 11631 | Lair:2   | 11631 ||| Stepping ~*~*~tactically~*~*~ (stealth).
 11647 | Lair:2   | Found a hole to the Spider Nest.
 11683 | Lair:2   | Noticed a five-headed hydra
 11684 | Lair:2   | 11684 ||| FLEEEEING.
 11685 | Lair:2   | 11685 ||| FLEEEEING.
 11687 | Lair:2   | 11687 ||| FLEEEEING.
 11688 | Lair:2   | 11688 ||| FLEEEEING.
 11689 | Lair:2   | 11689 ||| FLEEEEING.
 11690 | Lair:2   | 11690 ||| FLEEEEING.
 11691 | Lair:2   | 11691 ||| FLEEEEING.
 11692 | Lair:2   | 11692 ||| FLEEEEING.
 11702 | Lair:2   | Killed a one-headed hydra
 11703 | Lair:2   | Reached skill level 13 in Axes
 11789 | Lair:2   | 11789 ||| READING 2 scrolls of enchant weapon.
 11789 | Lair:2   | 11789 ||| ENCHANTING +5 executioner's axe of flaming.
 11790 | Lair:2   | 11790 ||| READING scroll of enchant weapon.
 11790 | Lair:2   | 11790 ||| ENCHANTING +6 executioner's axe of flaming.
 12023 | Lair:2   | 12023 ||| Stepping ~*~*~tactically~*~*~ (stealth).
 12161 | Lair:2   | 12161 ||| READING 3 scrolls of identify.
 12161 | Lair:2   | 12161 ||| IDENTIFYING puce potion
 12162 | Lair:2   | 12162 ||| DROPPING potion of degeneration.
 12210 | Lair:3   | 12210 ||| Stepping ~*~*~tactically~*~*~ (stealth).
 12212 | Lair:3   | 12212 ||| STAIRDANCE
 12278 | Lair:3   | 12278 ||| STAIRDANCE
 12285 | Lair:3   | Reached skill level 9 in Fighting
 12285 | Lair:3   | 12285 ||| STAIRDANCE
 12461 | Lair:3   | Reached skill level 3 in Dodging
 12546 | Lair:3   | 12546 ||| Stepping ~*~*~tactically~*~*~ (stealth).
 12556 | Lair:3   | 12556 ||| FLEEEEING.
 12557 | Lair:3   | 12557 ||| FLEEEEING.
 12736 | Lair:3   | Found a staircase to the Shoals.
 12752 | Lair:3   | 12752 ||| Stepping ~*~*~tactically~*~*~ (stealth).
 12753 | Lair:3   | 12753 ||| INVOKING Fiery Armour.
 12762 | Lair:3   | Reached XP level 12. HP: 82/95 MP: 13/13
 12908 | Lair:3   | Identified the +10 spear "Reamanam" {pain, rCorr Str+5
                  | Int+6}
 12910 | Lair:3   | Noticed a boulder beetle
 12911 | Lair:3   | 12911 ||| INVOKING Fiery Armour.
 12918 | Lair:3   | Killed a boulder beetle
 12919 | Lair:3   | Reached skill level 14 in Axes
 13295 | Lair:3   | Noticed a 12-headed hydra
 13297 | Lair:3   | Found a runed translucent gate.
 13297 | Lair:3   | Noticed an 11-headed hydra
 13298 | Lair:3   | Found a runed translucent gate.
 13298 | Lair:3   | Found a runed translucent gate.
 13298 | Lair:3   | Noticed qw's ghost (journeyman TrCA)
 13323 | Lair:3   | 13323 ||| READING scroll of enchant weapon.
 13323 | Lair:3   | 13323 ||| ENCHANTING +7 executioner's axe of flaming.
 13412 | Lair:3   | Noticed a five-headed hydra
 13421 | Lair:3   | Killed a three-headed hydra
 13900 | Lair:3   | 13900 ||| READING 3 scrolls of identify.
 13900 | Lair:3   | 13900 ||| IDENTIFYING sedimented cyan potion
 13901 | Lair:3   | 13901 ||| DROPPING potion of berserk rage.
 14008 | Lair:4   | 14008 ||| INVOKING Fiery Armour.
 14009 | Lair:4   | HP: 23/97 [cane toad (12)]
 14010 | Lair:4   | 14010 ||| DRINKING 2 potions of heal wounds.
 14014 | Lair:4   | HP: 24/97 [poisoned by a cane toad]
 14041 | Lair:4   | 14041 ||| Stepping ~*~*~tactically~*~*~ (stealth).
 14111 | Lair:4   | 14111 ||| Stepping ~*~*~tactically~*~*~ (stealth).
 14112 | Lair:4   | 14112 ||| Stepping ~*~*~tactically~*~*~ (stealth).
 14197 | Lair:4   | 14197 ||| Stepping ~*~*~tactically~*~*~ (stealth).
 14203 | Lair:4   | 14203 ||| Stepping ~*~*~tactically~*~*~ (stealth).
 14214 | Lair:4   | 14214 ||| Stepping ~*~*~tactically~*~*~ (stealth).
 14258 | Lair:4   | 14258 ||| Stepping ~*~*~tactically~*~*~ (stealth).
 14261 | Lair:4   | 14261 ||| Stepping ~*~*~tactically~*~*~ (stealth).
 14263 | Lair:4   | 14263 ||| Stepping ~*~*~tactically~*~*~ (stealth).
 14264 | Lair:4   | 14264 ||| Stepping ~*~*~tactically~*~*~ (stealth).
 14265 | Lair:4   | 14265 ||| Stepping ~*~*~tactically~*~*~ (stealth).
 14460 | Lair:4   | 14460 ||| PLANNING TEMPLE
 14484 | Lair:4   | 14484 ||| Stepping ~*~*~tactically~*~*~ (hiding).
 14485 | Lair:4   | 14485 ||| Stepping ~*~*~tactically~*~*~ (hiding).
 14752 | Temple   | Entered the Ecumenical Temple
 14758 | Temple   | 14758 ||| PLANNING CONVERSION TO OKAWARU
 14765 | Temple   | Fell from the grace of Ignis
 14765 | Temple   | Became a worshipper of Warmaster Okawaru
 14766 | Temple   | 14766 ||| PLANNING LAIR
 14957 | Lair:4   | Reached skill level 15 in Axes
 15085 | Lair:4   | Noticed a five-headed hydra
 15093 | Lair:4   | Killed a two-headed hydra
 15686 | Lair:4   | 15686 ||| DROPPING scarf of repulsion.
 15687 | Lair:4   | 15687 ||| DROPPING +6 ring of intelligence.
 15688 | Lair:4   | 15688 ||| DRINKING 2 murky red potions.
 15697 | Lair:5   | Entered Level 5 of the Lair of Beasts
 15702 | Lair:5   | 15702 ||| STAIRDANCE
 15702 | Lair:5   | Noticed a five-headed hydra
 15821 | Lair:5   | 15821 ||| STAIRDANCE
 15847 | Lair:5   | Killed a two-headed hydra
 15847 | Lair:5   | Reached * piety under Okawaru
 15848 | Lair:5   | 15848 ||| STAIRDANCE
 15967 | Lair:5   | Reached skill level 9 in Armour
 15967 | Lair:5   | Reached skill level 1 in Invocations
 15967 | Lair:5   | 15967 ||| FLEEEEING.
 15970 | Lair:5   | 15970 ||| INVOKING Heroism.
 15971 | Lair:5   | 15971 ||| Stepping ~*~*~tactically~*~*~ (stealth).
 15979 | Lair:5   | 15979 ||| Stepping ~*~*~tactically~*~*~ (stealth).
 15980 | Lair:5   | 15980 ||| Stepping ~*~*~tactically~*~*~ (stealth).
 16312 | Lair:5   | Reached XP level 13. HP: 103/103 MP: 14/14
 16321 | Lair:5   | Reached skill level 3 in Invocations
 16455 | Lair:5   | 16455 ||| Stepping ~*~*~tactically~*~*~ (stealth).
 16461 | Lair:5   | Noticed a six-headed hydra
 16462 | Lair:5   | 16462 ||| INVOKING Heroism.
 16470 | Lair:5   | Killed a three-headed hydra
 16470 | Lair:5   | Reached ** piety under Okawaru
 16605 | Lair:5   | Found a staircase to the Slime Pits.
 16789 | Lair:5   | 16789 ||| Stepping ~*~*~tactically~*~*~ (stealth).
 16799 | Lair:5   | 16799 ||| INVOKING Heroism.
 16803 | Lair:5   | 16803 ||| Stepping ~*~*~tactically~*~*~ (stealth).
 16815 | Lair:5   | Reached skill level 16 in Axes
 16819 | Lair:5   | Reached *** piety under Okawaru
 16823 | Lair:5   | 16823 ||| INVOKING Heroism.
 17337 | Lair:5   | 17337 ||| Stepping ~*~*~tactically~*~*~ (stealth).
 17348 | Lair:5   | 17348 ||| INVOKING Heroism.
 17428 | Lair:5   | 17428 ||| INVOKING Heroism.
 17718 | Lair:5   | 17718 ||| INVOKING Heroism.
 17722 | Lair:5   | Noticed a catoblepas
 17725 | Lair:5   | 17725 ||| Stepping ~*~*~tactically~*~*~ (cloud).
 17727 | Lair:5   | 17727 ||| Stepping ~*~*~tactically~*~*~ (cloud).
 17734 | Lair:5   | 17734 ||| Stepping ~*~*~tactically~*~*~ (cloud).
 17736 | Lair:5   | 17736 ||| Stepping ~*~*~tactically~*~*~ (cloud).
 17738 | Lair:5   | Reached skill level 9 in Shields
 17738 | Lair:5   | Killed a catoblepas
 17738 | Lair:5   | Reached **** piety under Okawaru
 17778 | Lair:5   | 17778 ||| FLEEEEING.
 17854 | Lair:5   | Noticed a dire elephant
 17855 | Lair:5   | 17855 ||| INVOKING Heroism.
 17864 | Lair:5   | Killed a dire elephant
 18070 | Lair:5   | Identified the +1 scale mail of the Nine Ziggurats {rN+
                  | rCorr Dex+2}
 18071 | Lair:5   | Identified the +5 falchion of the King {venom, rC+ Will+}
 18096 | Lair:5   | 18096 ||| Stepping ~*~*~tactically~*~*~ (stealth).
 18215 | Lair:5   | 18215 ||| Stepping ~*~*~tactically~*~*~ (stealth).
 18217 | Lair:5   | 18217 ||| INVOKING Heroism.
 18360 | Lair:5   | 18360 ||| PLANNING D:1-11
 18476 | D:9      | 18476 ||| INVOKING Heroism.
 18532 | D:9      | 18532 ||| Stepping ~*~*~tactically~*~*~ (stealth).
 18533 | D:9      | 18533 ||| Stepping ~*~*~tactically~*~*~ (stealth).
 18539 | D:9      | 18539 ||| Stepping ~*~*~tactically~*~*~ (stealth).
 18545 | D:9      | Reached skill level 6 in Invocations
 18549 | D:9      | 18549 ||| FLEEEEING.
 18551 | D:9      | 18551 ||| FLEEEEING.
 18552 | D:9      | 18552 ||| FLEEEEING.
 18554 | D:9      | 18554 ||| FLEEEEING.
 18555 | D:9      | 18555 ||| FLEEEEING.
 18556 | D:9      | 18556 ||| FLEEEEING.
 18557 | D:9      | 18557 ||| FLEEEEING.
 18561 | D:9      | 18561 ||| FLEEEEING.
 18562 | D:9      | 18562 ||| FLEEEEING.
 18563 | D:9      | 18563 ||| FLEEEEING.
 18564 | D:9      | 18564 ||| FLEEEEING.
 18567 | D:9      | 18567 ||| FLEEEEING.
 18568 | D:9      | 18568 ||| FLEEEEING.
 18569 | D:9      | 18569 ||| FLEEEEING.
 18570 | D:9      | 18570 ||| FLEEEEING.
 18571 | D:9      | 18571 ||| FLEEEEING.
 18572 | D:9      | 18572 ||| FLEEEEING.
 18573 | D:9      | 18573 ||| FLEEEEING.
 18574 | D:9      | 18574 ||| FLEEEEING.
 18575 | D:9      | 18575 ||| FLEEEEING.
 18576 | D:9      | 18576 ||| FLEEEEING.
 18577 | D:9      | 18577 ||| FLEEEEING.
 18578 | D:9      | 18578 ||| FLEEEEING.
 18579 | D:9      | 18579 ||| STAIRDANCE
 18663 | D:9      | 18663 ||| STAIRDANCE
 18684 | D:9      | Noticed Erolcha
 18685 | D:9      | 18685 ||| INVOKING Heroism.
 18685 | Abyss:2  | Cast into level 2 of the Abyss (Erolcha)
 18689 | D:9      | Escaped the Abyss
 18693 | D:9      | Killed Erolcha
 18693 | D:9      | Received a gift from Okawaru
 18694 | D:9      | Reached XP level 14. HP: 113/113 MP: 16/18
 18835 | D:9      | 18835 ||| INVOKING Heroism.
 18838 | D:9      | 18838 ||| Stepping ~*~*~tactically~*~*~ (hiding).
 19010 | D:9      | Found Wobatt's Armour Shoppe.
 19019 | D:9      | 19019 ||| BUYING +0 pair of boots (58 gold).
 19019 | D:9      | Bought a +0 pair of boots for 58 gold pieces
 19019 | D:9      | 19019 ||| BUYING +1 buckler of protection (214 gold).
 19019 | D:9      | Bought a +1 buckler of protection for 214 gold pieces
 19019 | D:9      | 19019 ||| BUYING +1 cloak of poison resistance (175 gold).
 19019 | D:9      | Bought a +1 cloak of poison resistance for 175 gold pieces
 19019 | D:9      | 19019 ||| BUYING +2 kite shield of fire resistance (279
                  | gold).
 19019 | D:9      | Bought a +2 kite shield of fire resistance for 279 gold
                  | pieces
 19210 | D:9      | 19210 ||| Stepping ~*~*~tactically~*~*~ (stealth).
 19289 | D:9      | 19289 ||| DROPPING +0 cloak.
 19290 | D:9      | 19290 ||| UPGRADING to +0 pair of boots.
 19295 | D:9      | 19295 ||| UPGRADING to +1 buckler of protection.
 19305 | D:9      | 19305 ||| DROPPING +2 buckler of the Ward {rElec Will-
                  | rCorr Int+4}.
 19306 | D:9      | 19306 ||| UPGRADING to +1 cloak of poison resistance.
 19316 | D:9      | 19316 ||| UPGRADING to +2 kite shield of fire resistance.
 19326 | D:9      | 19326 ||| DROPPING +1 buckler of protection.
 19349 | D:10     | Entered Level 10 of the Dungeon
 19377 | D:10     | 19377 ||| INVOKING Heroism.
 19465 | D:10     | 19465 ||| READING scroll of enchant armour.
 19465 | D:10     | 19465 ||| ENCHANTING +0 pair of boots.
 19475 | D:10     | Noticed Amaemon
 19476 | D:10     | 19476 ||| Stepping ~*~*~tactically~*~*~ (hiding).
 19487 | D:10     | Killed Amaemon
 19620 | D:10     | Found a flagged portal.
 19621 | D:10     | 19621 ||| INVOKING Heroism.
 19673 | D:10     | 19673 ||| Stepping ~*~*~tactically~*~*~ (hiding).
 19676 | D:10     | 19676 ||| Stepping ~*~*~tactically~*~*~ (hiding).
 19677 | D:10     | 19677 ||| Stepping ~*~*~tactically~*~*~ (stealth).
 19718 | D:10     | 19718 ||| INVOKING Heroism.
 19788 | D:10     | Found a basalt altar of Yredelemnul.
 19900 | D:10     | 19900 ||| Stepping ~*~*~tactically~*~*~ (hiding).
 19964 | D:10     | 19964 ||| INVOKING Heroism.
 20033 | D:10     | 20033 ||| Stepping ~*~*~tactically~*~*~ (stealth).
 20476 | D:10     | 20476 ||| Stepping randomly (stuck).
 20522 | D:11     | 20522 ||| INVOKING Heroism.
 20821 | D:11     | 20821 ||| Stepping ~*~*~tactically~*~*~ (hiding).
 20862 | D:11     | Was forgiven by Ignis
 21050 | D:11     | 21050 ||| Stepping ~*~*~tactically~*~*~ (stealth).
 21056 | D:11     | Found a frozen archway.
 21201 | D:11     | 21201 ||| INVOKING Heroism.
 21412 | D:11     | 21412 ||| Stepping ~*~*~tactically~*~*~ (hiding).
 21503 | D:11     | 21503 ||| Stepping ~*~*~tactically~*~*~ (hiding).
 21505 | D:11     | 21505 ||| Stepping ~*~*~tactically~*~*~ (hiding).
 21513 | D:11     | 21513 ||| INVOKING Heroism.
 21758 | D:11     | 21758 ||| PLANNING D
 21788 | D:12     | Identified the +5 leather armour "Coyc" {+Inv Regen+ Str-3
                  | Int+5}
 21971 | D:12     | 21971 ||| INVOKING Heroism.
 22082 | D:12     | 22082 ||| DRINKING 6 potions of curing.
 22082 | D:12     | 22082 ||| (to cure confusion)
 22104 | D:12     | 22104 ||| FLEEEEING.
 22105 | D:12     | 22105 ||| FLEEEEING.
 22106 | D:12     | 22106 ||| FLEEEEING.
 22107 | D:12     | 22107 ||| FLEEEEING.
 22108 | D:12     | 22108 ||| FLEEEEING.
 22109 | D:12     | 22109 ||| FLEEEEING.
 22110 | D:12     | 22110 ||| FLEEEEING.
 22111 | D:12     | 22111 ||| FLEEEEING.
 22112 | D:12     | 22112 ||| FLEEEEING.
 22113 | D:12     | 22113 ||| FLEEEEING.
 22114 | D:12     | 22114 ||| FLEEEEING.
 22117 | D:12     | 22117 ||| STAIRDANCE
 22265 | D:12     | Found a staircase to the Orcish Mines.
 22266 | D:12     | 22266 ||| Stepping ~*~*~tactically~*~*~ (hiding).
 22269 | D:12     | 22269 ||| INVOKING Heroism.
 22394 | D:12     | 22394 ||| Stepping ~*~*~tactically~*~*~ (hiding).
 22475 | D:12     | 22475 ||| Stepping ~*~*~tactically~*~*~ (stealth).
 22485 | D:12     | Reached ***** piety under Okawaru
 22486 | D:12     | Reached skill level 9 in Invocations
 22729 | D:12     | 22729 ||| Stepping ~*~*~tactically~*~*~ (hiding).
 22731 | D:12     | 22731 ||| Stepping ~*~*~tactically~*~*~ (hiding).
 22796 | D:12     | 22796 ||| READING 9 scrolls of identify.
 22796 | D:12     | 22796 ||| IDENTIFYING emerald potion
 23043 | D:13     | 23043 ||| INVOKING Heroism.
 23044 | D:13     | Noticed an ironbound preserver
 23203 | D:13     | 23203 ||| READING scroll labelled JURHAOTIRE.
 23204 | D:13     | Found a gate to the Vaults.
 23208 | D:13     | 23208 ||| INVOKING Heroism.
 23212 | D:13     | 23212 ||| INVOKING Finesse.
 23221 | D:13     | Killed an ironbound preserver
 23285 | D:13     | 23285 ||| INVOKING Heroism.
 23311 | D:13     | Reached skill level 12 in Shields
 23398 | D:13     | 23398 ||| Stepping ~*~*~tactically~*~*~ (hiding).
 23399 | D:13     | 23399 ||| Stepping ~*~*~tactically~*~*~ (hiding).
 23405 | D:13     | Received a gift from Okawaru
 23477 | D:13     | 23477 ||| READING scroll of brand weapon.
 23477 | D:13     | 23477 ||| BRANDING +8 executioner's axe of flaming.
 23515 | D:13     | Reached skill level 3 in Throwing
 23538 | D:13     | 23538 ||| Stepping ~*~*~tactically~*~*~ (hiding).
 23612 | D:13     | 23612 ||| READING scroll of enchant weapon.
 23612 | D:13     | 23612 ||| ENCHANTING +8 executioner's axe of protection.
 23763 | D:13     | 23763 ||| READING scroll of enchant armour.
 23763 | D:13     | 23763 ||| ENCHANTING +1 pair of boots.
 23783 | D:13     | 23783 ||| INVOKING Heroism.
 23785 | D:13     | 23785 ||| INVOKING Finesse.
 23846 | D:13     | 23846 ||| INVOKING Heroism.
 24159 | D:13     | 24159 ||| DROPPING ring of ice.
 24160 | D:13     | 24160 ||| UPGRADING to ring of protection from cold.
 24186 | D:14     | 24186 ||| INVOKING Heroism.
 24192 | D:14     | 24192 ||| INVOKING Finesse.
 24206 | D:14     | Reached XP level 15. HP: 105/118 MP: 16/22
 24478 | D:14     | 24478 ||| Stepping ~*~*~tactically~*~*~ (hiding).
 24479 | D:14     | 24479 ||| Stepping ~*~*~tactically~*~*~ (hiding).
 24598 | D:14     | Noticed Kirke
 24598 | D:14     | 24598 ||| INVOKING Heroism.
 24599 | D:14     | 24599 ||| INVOKING Finesse.
 24618 | D:14     | Killed Kirke
 24863 | D:14     | 24863 ||| INVOKING Heroism.
 24888 | D:14     | 24888 ||| INVOKING Heroism.
 24922 | D:14     | 24922 ||| INVOKING Heroism.
 25153 | D:15     | Entered Level 15 of the Dungeon
 25154 | D:15     | 25154 ||| PLANNING GAUNTLET
 25171 | D:15     | Found a gate leading to a gauntlet.
 25176 | Gauntlet | Entered a Gauntlet
 25176 | Gauntlet | Found a transporter.
 25186 | Gauntlet | Found a transporter.
 25188 | Gauntlet | Found a transporter.
 25189 | Gauntlet | Found a transporter.
 25197 | Gauntlet | Found a transporter.
 25200 | Gauntlet | Found a transporter.
 25202 | Gauntlet | Found a transporter.
 25203 | Gauntlet | Noticed a cacodemon
 25210 | Gauntlet | Found a transporter.
 25213 | Gauntlet | Found a transporter.
 25214 | Gauntlet | Found a transporter.
 25222 | Gauntlet | Found a transporter.
 25225 | Gauntlet | Found a transporter.
 25226 | Gauntlet | Found a transporter.
 25234 | Gauntlet | Found a transporter.
 25382 | Gauntlet | Reached skill level 17 in Axes
 25400 | Gauntlet | Gained mutation: You are dopey. (Int -2) [a cacodemon]
 25402 | Gauntlet | 25402 ||| INVOKING Heroism.
 25408 | Gauntlet | 25408 ||| DRINKING 5 potions of curing.
 25408 | Gauntlet | 25408 ||| (to cure confusion)
 25410 | Gauntlet | Killed a cacodemon
 25542 | Gauntlet | 25542 ||| UPGRADING to amulet of reflection.
 25553 | Gauntlet | 25553 ||| INVOKING Heroism.
 25554 | Gauntlet | 25554 ||| SWAPPING to +1 broad axe of flaming.
 25557 | Gauntlet | Received a gift from Okawaru
 25565 | Gauntlet | 25565 ||| SWAPPING to +9 executioner's axe of protection.
 25734 | Gauntlet | 25734 ||| INVOKING Heroism.
 25762 | Gauntlet | 25762 ||| UPGRADING to +4 ring of slaying {mikee}.
 25764 | Gauntlet | 25764 ||| DROPPING ring of protection from cold.
 25781 | Gauntlet | Identified the +6 rapier "Enyigiuh" {flame, rElec SInv}
 25782 | Gauntlet | 25782 ||| Stepping ~*~*~tactically~*~*~ (stealth).
 25783 | Gauntlet | 25783 ||| Stepping ~*~*~tactically~*~*~ (stealth).
 25785 | Gauntlet | 25785 ||| Stepping ~*~*~tactically~*~*~ (stealth).
 25787 | Gauntlet | 25787 ||| INVOKING Heroism.
 25840 | D:15     | 25840 ||| PLANNING D
 25905 | D:15     | 25905 ||| Stepping ~*~*~tactically~*~*~ (hiding).
 25907 | D:15     | 25907 ||| Stepping ~*~*~tactically~*~*~ (hiding).
 25930 | D:15     | 25930 ||| Stepping ~*~*~tactically~*~*~ (hiding).
 26047 | D:15     | 26047 ||| INVOKING Heroism.
 26054 | D:15     | Reached skill level 6 in Throwing
 26055 | D:15     | 26055 ||| INVOKING Finesse.
 26056 | D:15     | 26056 ||| SWAPPING to +1 broad axe of flaming.
 26058 | D:15     | 26058 ||| SWAPPING to +9 executioner's axe of protection.
 26103 | D:15     | 26103 ||| Stepping ~*~*~tactically~*~*~ (stealth).
 26107 | D:15     | 26107 ||| Stepping ~*~*~tactically~*~*~ (stealth).
 26110 | D:15     | 26110 ||| INVOKING Heroism.
 26143 | D:15     | Found a staircase to the Depths.
 26299 | D:15     | 26299 ||| Stepping ~*~*~tactically~*~*~ (stealth).
 26305 | D:15     | 26305 ||| Stepping ~*~*~tactically~*~*~ (stealth).
 26313 | D:15     | 26313 ||| INVOKING Heroism.
 26314 | D:15     | 26314 ||| SWAPPING to +1 broad axe of flaming.
 26320 | D:15     | 26320 ||| SWAPPING to +9 executioner's axe of protection.
 26879 | D:15     | 26879 ||| PLANNING ORC
 27004 | Orc:1    | Entered Level 1 of the Orcish Mines
 27009 | Orc:1    | 27009 ||| INVOKING Heroism.
 27021 | Orc:1    | Noticed Gastronok
 27022 | Orc:1    | 27022 ||| Stepping ~*~*~tactically~*~*~ (hiding).
 27023 | Orc:1    | 27023 ||| Stepping ~*~*~tactically~*~*~ (hiding).
 27035 | Orc:1    | Killed Gastronok
 27131 | Orc:1    | 27131 ||| INVOKING Heroism.
 27132 | Orc:1    | Received a gift from Okawaru
 27133 | Orc:1    | 27133 ||| Stepping ~*~*~tactically~*~*~ (hiding).
 27187 | Orc:2    | Entered Level 2 of the Orcish Mines
 27188 | Orc:2    | 27188 ||| INVOKING Heroism.
 27189 | Orc:2    | 27189 ||| STAIRDANCE
 27233 | Orc:2    | 27233 ||| STAIRDANCE
 27254 | Orc:2    | 27254 ||| INVOKING Heroism.
 27397 | Orc:2    | Found a staircase to the Elven Halls.
 27536 | Orc:2    | 27536 ||| Stepping ~*~*~tactically~*~*~ (hiding).
 27537 | Orc:2    | 27537 ||| INVOKING Heroism.
 27539 | Orc:2    | Received a gift from Okawaru
 27542 | Orc:2    | 27542 ||| Stepping ~*~*~tactically~*~*~ (hiding).
 27547 | Orc:2    | 27547 ||| Stepping ~*~*~tactically~*~*~ (hiding).
 27550 | Orc:2    | 27550 ||| Stepping ~*~*~tactically~*~*~ (hiding).
 27570 | Orc:2    | 27570 ||| Stepping ~*~*~tactically~*~*~ (hiding).
 27576 | Orc:2    | 27576 ||| Stepping ~*~*~tactically~*~*~ (hiding).
 27583 | Orc:2    | 27583 ||| Stepping ~*~*~tactically~*~*~ (hiding).
 27586 | Orc:2    | 27586 ||| Stepping ~*~*~tactically~*~*~ (hiding).
 27592 | Orc:2    | 27592 ||| INVOKING Heroism.
 27668 | Orc:2    | 27668 ||| Stepping ~*~*~tactically~*~*~ (hiding).
 27670 | Orc:2    | 27670 ||| Stepping ~*~*~tactically~*~*~ (hiding).
 27673 | Orc:2    | 27673 ||| Stepping ~*~*~tactically~*~*~ (hiding).
 27675 | Orc:2    | 27675 ||| INVOKING Heroism.
 27681 | Orc:2    | Reached XP level 16. HP: 107/125 MP: 21/23
 27902 | Orc:2    | Found Nemizxos's Magic Scroll Emporium.
 27902 | Orc:2    | Found Nux Migaos's General Store.
 27904 | Orc:2    | Found Jereos's Distillery.
 27906 | Orc:2    | Found Cora Tid's Armour Shoppe.
 27910 | Orc:2    | 27910 ||| BUYING scroll of enchant armour (105 gold).
 27910 | Orc:2    | Bought a scroll of enchant armour for 105 gold pieces
 27910 | Orc:2    | 27910 ||| READING scroll of enchant armour.
 27910 | Orc:2    | 27910 ||| ENCHANTING +1 cloak of poison resistance.
 27914 | Orc:2    | 27914 ||| BUYING potion of curing (45 gold).
 27914 | Orc:2    | Bought a potion of curing for 45 gold pieces
 27914 | Orc:2    | 27914 ||| BUYING potion of heal wounds (75 gold).
 27914 | Orc:2    | Bought a potion of heal wounds for 75 gold pieces
 27914 | Orc:2    | 27914 ||| BUYING potion of mutation (120 gold).
 27914 | Orc:2    | Bought a potion of mutation for 120 gold pieces
 27914 | Orc:2    | 27914 ||| BUYING potion of mutation (120 gold).
 27914 | Orc:2    | Bought a potion of mutation for 120 gold pieces
 27919 | Orc:2    | 27919 ||| BUYING +1 cloak of Tender Moments {-Cast rF+
                  | Dex+2} (372 gold).
 27919 | Orc:2    | Bought the +1 cloak of Tender Moments {-Cast rF+ Dex+2} for
                  | 372 gold pieces
 27919 | Orc:2    | 27919 ||| SHOPLISTING +2 cloak of Chill Winds {rF+} (513
                  | gold, have 329).
 28028 | Orc:2    | Found a burning altar of Makhleb.
 28114 | Orc:2    | 28114 ||| DROPPING scarf of repulsion.
 28126 | Orc:1    | 28126 ||| Stepping ~*~*~tactically~*~*~ (hiding).
 28128 | Orc:1    | 28128 ||| INVOKING Heroism.
 28132 | Orc:1    | Reached skill level 18 in Axes
 28165 | Orc:1    | 28165 ||| INVOKING Finesse.
 28173 | Orc:1    | 28173 ||| INVOKING Heroism.
 28359 | Orc:1    | 28359 ||| DROPPING +1 broad axe of flaming.
 28379 | Orc:1    | Noticed Maurice
 28380 | Orc:1    | 28380 ||| Stepping ~*~*~tactically~*~*~ (hiding).
 28382 | Orc:1    | 28382 ||| Stepping ~*~*~tactically~*~*~ (hiding).
 28384 | Orc:1    | 28384 ||| Stepping ~*~*~tactically~*~*~ (hiding).
 28386 | Orc:1    | 28386 ||| Stepping ~*~*~tactically~*~*~ (hiding).
 28393 | Orc:1    | Killed Maurice
 28628 | Orc:1    | 28628 ||| INVOKING Heroism.
 28643 | Orc:1    | Reached skill level 12 in Fighting
 28921 | Orc:1    | 28921 ||| PLANNING SPIDER:1-3
 29133 | Spider:1 | Entered Level 1 of the Spider Nest
 29149 | Spider:1 | 29149 ||| Stepping ~*~*~tactically~*~*~ (stealth).
 29156 | Spider:1 | 29156 ||| Stepping ~*~*~tactically~*~*~ (stealth).
 29167 | Spider:1 | 29167 ||| Stepping ~*~*~tactically~*~*~ (stealth).
 29170 | Spider:1 | 29170 ||| INVOKING Heroism.
 29177 | Spider:1 | 29177 ||| INVOKING Finesse.
 29186 | Spider:1 | Identified the +2 pair of boots of the Frog {rElec rC+
                  | Int-4} (Okawaru gifted it to you on level 1 of the Spider
                  | Nest)
 29186 | Spider:1 | Received a gift from Okawaru
 29201 | Spider:1 | 29201 ||| Stepping ~*~*~tactically~*~*~ (stealth).
 29360 | Spider:1 | 29360 ||| Stepping ~*~*~tactically~*~*~ (stealth).
 29365 | Spider:1 | 29365 ||| DRINKING 6 potions of curing.
 29365 | Spider:1 | 29365 ||| (to cure confusion)
 29370 | Spider:1 | 29370 ||| Stepping ~*~*~tactically~*~*~ (stealth).
 29375 | Spider:1 | 29375 ||| INVOKING Heroism.
 29376 | Spider:1 | 29376 ||| DRINKING 5 potions of curing.
 29376 | Spider:1 | 29376 ||| (to cure confusion)
 29412 | Spider:1 | 29412 ||| Stepping ~*~*~tactically~*~*~ (stealth).
 29414 | Spider:1 | 29414 ||| Stepping ~*~*~tactically~*~*~ (hiding).
 29417 | Spider:1 | 29417 ||| INVOKING Heroism.
 29423 | Spider:1 | 29423 ||| DRINKING 4 potions of curing.
 29423 | Spider:1 | 29423 ||| (to cure confusion)
 29437 | Spider:1 | Noticed Roxanne
 29438 | Spider:1 | 29438 ||| INVOKING Finesse.
 29449 | Spider:1 | Killed Roxanne
 29530 | Spider:1 | 29530 ||| Stepping ~*~*~tactically~*~*~ (stealth).
 29531 | Spider:1 | 29531 ||| Stepping ~*~*~tactically~*~*~ (stealth).
 29644 | Spider:1 | 29644 ||| Stepping ~*~*~tactically~*~*~ (stealth).
 29695 | Spider:1 | 29695 ||| Stepping ~*~*~tactically~*~*~ (stealth).
 29698 | Spider:1 | 29698 ||| Stepping ~*~*~tactically~*~*~ (hiding).
 29820 | Spider:1 | 29820 ||| Stepping ~*~*~tactically~*~*~ (hiding).
 29871 | Spider:1 | Noticed Aizul
 29872 | Spider:1 | 29872 ||| INVOKING Heroism.
 29873 | Spider:1 | 29873 ||| INVOKING Finesse.
 29883 | Spider:1 | Killed Aizul
 30022 | Spider:1 | Noticed Azrael
 30023 | Spider:1 | 30023 ||| Stepping ~*~*~tactically~*~*~ (hiding).
 30024 | Spider:1 | 30024 ||| INVOKING Heroism.
 30025 | Spider:1 | 30025 ||| INVOKING Finesse.
 30036 | Spider:1 | Killed Azrael
 30041 | Spider:1 | 30041 ||| Stepping ~*~*~tactically~*~*~ (stealth).
 30058 | Spider:1 | 30058 ||| Stepping ~*~*~tactically~*~*~ (stealth).
 30120 | Spider:1 | 30120 ||| Stepping ~*~*~tactically~*~*~ (stealth).
 30473 | Spider:1 | 30473 ||| UPGRADING to +2 pair of boots of the Frog {rElec
                  | rC+ Int-4}.
 30483 | Spider:1 | 30483 ||| DROPPING +2 pair of boots.
 30507 | Spider:2 | 30507 ||| STAIRDANCE
 30513 | Spider:2 | 30513 ||| STAIRDANCE
 30569 | Spider:2 | 30569 ||| INVOKING Heroism.
 30570 | Spider:2 | 30570 ||| STAIRDANCE
 30589 | Spider:2 | 30589 ||| STAIRDANCE
 30875 | Spider:2 | 30875 ||| Stepping ~*~*~tactically~*~*~ (stealth).
 30898 | Spider:2 | 30898 ||| INVOKING Heroism.
 30924 | Spider:2 | 30924 ||| Stepping ~*~*~tactically~*~*~ (stealth).
 30928 | Spider:2 | 30928 ||| Stepping ~*~*~tactically~*~*~ (stealth).
 30972 | Spider:2 | 30972 ||| INVOKING Heroism.
 31264 | Spider:2 | 31264 ||| INVOKING Heroism.
 31269 | Spider:2 | Noticed Donald
 31272 | Spider:2 | Reached skill level 19 in Axes
 31279 | Spider:2 | Noticed an emperor scorpion
 31284 | Spider:2 | Killed Donald
 31289 | Spider:2 | Killed an emperor scorpion
 31579 | Spider:2 | Noticed Agnes
 31580 | Spider:2 | 31580 ||| INVOKING Heroism.
 31585 | Spider:2 | Killed Agnes
 31586 | Spider:2 | Reached XP level 17. HP: 77/132 MP: 22/24
 31591 | Spider:2 | Reached skill level 12 in Armour
 31605 | Spider:2 | HP: 32/133 [tarantella simulacrum (5)]
 31606 | Spider:2 | 31606 ||| DRINKING 4 potions of heal wounds.
 31897 | Spider:2 | 31897 ||| Stepping ~*~*~tactically~*~*~ (stealth).
 31899 | Spider:2 | 31899 ||| INVOKING Heroism.
 31906 | Spider:2 | Received a gift from Okawaru
 32146 | Spider:3 | 32146 ||| Stepping ~*~*~tactically~*~*~ (stealth).
 32147 | Spider:3 | 32147 ||| Stepping ~*~*~tactically~*~*~ (stealth).
 32149 | Spider:3 | 32149 ||| Stepping ~*~*~tactically~*~*~ (stealth).
 32164 | Spider:3 | 32164 ||| Stepping ~*~*~tactically~*~*~ (stealth).
 32210 | Spider:3 | 32210 ||| Stepping ~*~*~tactically~*~*~ (stealth).
 32223 | Spider:3 | 32223 ||| Stepping ~*~*~tactically~*~*~ (stealth).
 32225 | Spider:3 | 32225 ||| Stepping ~*~*~tactically~*~*~ (stealth).
 32256 | Spider:3 | 32256 ||| INVOKING Heroism.
 32438 | Spider:3 | 32438 ||| Stepping ~*~*~tactically~*~*~ (stealth).
 32499 | Spider:3 | Received a gift from Okawaru
 32600 | Spider:3 | 32600 ||| INVOKING Heroism.
 32621 | Spider:3 | 32621 ||| Stepping ~*~*~tactically~*~*~ (stealth).
 32623 | Spider:3 | 32623 ||| Stepping ~*~*~tactically~*~*~ (hiding).
 32628 | Spider:3 | 32628 ||| INVOKING Heroism.
 32734 | Spider:3 | 32734 ||| Stepping ~*~*~tactically~*~*~ (stealth).
 32749 | Spider:3 | 32749 ||| Stepping ~*~*~tactically~*~*~ (stealth).
 32807 | Spider:3 | 32807 ||| INVOKING Heroism.
 33174 | Spider:3 | 33174 ||| Stepping ~*~*~tactically~*~*~ (stealth).
 33176 | Spider:3 | 33176 ||| INVOKING Heroism.
 33178 | Spider:3 | Received a gift from Okawaru
 33238 | Spider:3 | 33238 ||| Stepping ~*~*~tactically~*~*~ (hiding).
 33241 | Spider:3 | 33241 ||| Stepping ~*~*~tactically~*~*~ (hiding).
 33244 | Spider:3 | 33244 ||| INVOKING Finesse.
 33275 | Spider:3 | 33275 ||| Stepping ~*~*~tactically~*~*~ (stealth).
 33277 | Spider:3 | 33277 ||| INVOKING Heroism.
 33403 | Spider:3 | 33403 ||| Stepping ~*~*~tactically~*~*~ (stealth).
 33405 | Spider:3 | 33405 ||| Stepping ~*~*~tactically~*~*~ (hiding).
 33409 | Spider:3 | 33409 ||| INVOKING Heroism.
 33551 | Spider:3 | Found a transporter.
 33560 | Spider:3 | Noticed qw's ghost (adept TrCA)
 33596 | Spider:3 | 33596 ||| Stepping ~*~*~tactically~*~*~ (stealth).
 33768 | Spider:3 | Found a transporter.
 34035 | Spider:3 | 34035 ||| PLANNING SHOALS:1-3
 34134 | Shoals:1 | Entered Level 1 of the Shoals
 34168 | Shoals:1 | Noticed a kraken
 34170 | Shoals:1 | 34170 ||| INVOKING Heroism.
 34180 | Shoals:1 | 34180 ||| Stepping ~*~*~tactically~*~*~ (water).
 34186 | Shoals:1 | Killed a kraken
 34187 | Shoals:1 | Reached skill level 20 in Axes
 34189 | Shoals:1 | 34189 ||| Stepping ~*~*~tactically~*~*~ (water).
 34190 | Shoals:1 | Received a gift from Okawaru
 34241 | Shoals:1 | 34241 ||| INVOKING Heroism.
 34250 | Shoals:1 | Reached skill level 15 in Shields
 34539 | Shoals:1 | Received a gift from Okawaru
 34628 | Shoals:1 | 34628 ||| READING scroll of enchant armour.
 34628 | Shoals:1 | 34628 ||| ENCHANTING +0 plate armour.
 34647 | Shoals:1 | 34647 ||| Stepping ~*~*~tactically~*~*~ (hiding).
 34649 | Shoals:1 | 34649 ||| Stepping ~*~*~tactically~*~*~ (hiding).
 34650 | Shoals:1 | 34650 ||| Stepping ~*~*~tactically~*~*~ (hiding).
 34651 | Shoals:1 | 34651 ||| Stepping ~*~*~tactically~*~*~ (hiding).
 34652 | Shoals:1 | 34652 ||| Stepping ~*~*~tactically~*~*~ (hiding).
 34707 | Shoals:1 | 34707 ||| INVOKING Heroism.
 34717 | Shoals:1 | 34717 ||| Stepping ~*~*~tactically~*~*~ (hiding).
 34722 | Shoals:1 | 34722 ||| Stepping ~*~*~tactically~*~*~ (water).
 34730 | Shoals:1 | Received a gift from Okawaru
 34756 | Shoals:1 | Reached XP level 18. HP: 112/143 MP: 25/25
 34862 | Shoals:1 | 34862 ||| DROPPING +0 battleaxe of flaming.
 35076 | Shoals:1 | 35076 ||| INVOKING Heroism.
 35251 | Shoals:1 | Found Nucuiwn's Weapon Shop.
 35480 | Shoals:2 | 35480 ||| INVOKING Heroism.
 35481 | Shoals:2 | 35481 ||| STAIRDANCE
 35623 | Shoals:2 | 35623 ||| STAIRDANCE
 35737 | Shoals:2 | 35737 ||| STAIRDANCE
 35806 | Shoals:2 | 35806 ||| STAIRDANCE
 35863 | Shoals:2 | 35863 ||| STAIRDANCE
 36002 | Shoals:2 | 36002 ||| INVOKING Heroism.
 36012 | Shoals:2 | 36012 ||| Stepping ~*~*~tactically~*~*~ (water).
 36016 | Shoals:2 | 36016 ||| Stepping ~*~*~tactically~*~*~ (water).
 36382 | Shoals:2 | 36382 ||| Stepping ~*~*~tactically~*~*~ (stealth).
 36384 | Shoals:2 | 36384 ||| Stepping ~*~*~tactically~*~*~ (stealth).
 36511 | Shoals:2 | 36511 ||| INVOKING Heroism.
 36544 | Shoals:2 | 36544 ||| Stepping ~*~*~tactically~*~*~ (hiding).
 36545 | Shoals:2 | 36545 ||| INVOKING Heroism.
 36566 | Shoals:2 | 36566 ||| Stepping ~*~*~tactically~*~*~ (stealth).
 36725 | Shoals:2 | 36725 ||| INVOKING Heroism.
 37024 | Shoals:3 | 37024 ||| INVOKING Heroism.
 37033 | Shoals:3 | 37033 ||| Stepping ~*~*~tactically~*~*~ (water).
 37117 | Shoals:3 | 37117 ||| FLEEEEING.
 37118 | Shoals:3 | 37118 ||| FLEEEEING.
 37119 | Shoals:3 | 37119 ||| STAIRDANCE
 37256 | Shoals:3 | Noticed Nikola
 37257 | Shoals:3 | 37257 ||| INVOKING Heroism.
 37258 | Shoals:3 | 37258 ||| INVOKING Finesse.
 37271 | Shoals:3 | Killed from afar by Nikola

Levels and vault maps discovered:
D:1:      roderic_dead_forest, layout_loops_ring
D:2:      minmay_chambers_of_twos, layout_basic, chequers_serial_rivers_micro_e
D:3:      layout_rooms, shapermc_ecumenical_altar_mp_urbaneastern, serial_shops,
          nicolae_lakefront_shop
D:4:      layout_layer_cave
D:5:      layout_basic, minmay_diced_spiral
D:6:      hellmonk_destroyed_diamonds, layout_gridville, uniq_blork_the_orc
D:7:      layout_rooms, nicolae_gozag_zags_fifth_avenue,
          minmay_temple_entry_proselytizer, uniq_crazy_yiuf_cottage, uniq_maggie
D:8:      layout_loops_corners, nicolae_dithmenos_through_a_glass_darkly,
          david_lair_generic
D:9:      layout_roguey [special_room_orc], serial_shops,
          nicolae_lakefront_shop, uniq_erolcha
D:10:     layout_roguey, yredelemnul_altar_generic, enter_bailey_7,
          minmay_misc_feat_x, uniq_amaemon
D:11:     layout_loops_corners, portal_ice_cave_demonic_guard
D:12:     layout_gridville, kennysheep_orc_monster_closet_entryway
D:13:     layout_rooms, skrybe_vaults_entry_preservation, serial_rivers,
          chequers_serial_rivers_small_b, chequers_serial_rivers_small_b,
          chequers_serial_rivers_small_3, chequers_serial_rivers_large_b,
          chequers_serial_rivers_small_b
D:14:     layout_basic, minmay_misc_feat_pillars, uniq_kirke
D:15:     gammafunk_enter_depths_forms, layout_loops_ring,
          gauntlet_entry_generic
Temple:   hellmonk_temple_of_storms
Lair:1:   layout_loops_ring, lemuel_oklob_altar
Lair:2:   layout_cave_shapes, nicolae_spider_entry_non_spiders
Lair:3:   layout_loops_ring, shoals_dummy_entry, gammafunk_ghost_hydra_chop,
          minivault_23, lemuel_fruit_tree, grunt_megastairs_1
Lair:4:   layout_small_grid, grunt_megastairs_5
Lair:5:   grunt_lair_end_beastmaster, layout_regular_city,
          minmay_slime_entry_pillars, st_stairs_3, grunt_megastairs_4
Shoals:1: layout_shoals, serial_shops, shop
Shoals:2: layout_shoals
Shoals:3: layout_shoals, uniq_ilsuiw, uniq_nikola
Spider:1: layout_spider_delve, uniq_azrael, uniq_roxanne, uniq_aizul
Spider:2: layout_spider_delve, uniq_agnes, uniq_donald
Spider:3: layout_spider_delve, gammafunk_ghost_berserking_beasts,
          hellmonk_test_site
Orc:1:    layout_caves, elf_legates, uniq_maurice, uniq_gastronok
Orc:2:    st_orc_rangers, layout_caves, library_closet, bloody_makhleb

Skill      XL: |  1  2  3  4  5  6  7  8  9 10 11 12 13 14 15 16 17 18 |
---------------+-------------------------------------------------------+-----
Axes           | 4 5 6 7 8 10 11 13 15 16 17 19 20 | 20.5
Armour         | 2 3 4 5 6 7 9 11 13 | 13.0
Shields        | 3 4 5 6 7 8 9 12 13 14 15 | 15.0
Fighting       | 4 5 6 8 9 10 11 12 13 14 | 14.0
Dodging        | 1 2 3 4 5 |  5.0
Throwing       | 1 2 5 7 8 |  8.1
Invocations    | 2 6 10 | 10.0
Spellcasting   | |  1.1
Fire Magic     | |  3.0

Action                   |  1- 3 |  4- 6 |  7- 9 | 10-12 | 13-15 | 16-18 || total
-------------------------+-------+-------+-------+-------+-------+-------++-------
Melee: Hand axe          |   129 |    16 |       |       |       |       ||   145
       Punch             |     2 |     1 |       |       |       |       ||     3
       Executioner's axe |       |    59 |   171 |   299 |   671 |   677 ||  1877
       Broad axe         |       |       |       |       |    15 |       ||    15
Throw: Boomerang         |       |    11 |    38 |   103 |    68 |     4 ||   224
       Javelin           |       |       |       |       |    23 |    71 ||    94
Invok: Fiery Armour      |     4 |     3 |     1 |     5 |       |       ||    13
       Heroism           |       |       |       |     1 |    44 |    32 ||    77
       Finesse           |       |       |       |       |     5 |     7 ||    12
  Use: Scroll            |     3 |     8 |     4 |    11 |     6 |     2 ||    34
       Potion            |     3 |     2 |     3 |     6 |     2 |     4 ||    20
 Stab: Petrified         |       |       |       |       |     6 |       ||     6
       Distracted        |       |       |       |       |     1 |       ||     1
Armor: Robe              |    30 |       |       |       |       |       ||    30
       Leather armour    |    12 |     9 |       |       |       |       ||    21
       Plate armour      |       |    40 |   124 |   209 |   323 |   290 ||   986
Dodge: Dodged            |    68 |    43 |    70 |   130 |   162 |   188 ||   661
       Repelled          |       |       |       |     2 |       |       ||     2
Block: Buckler           |       |     3 |    43 |   118 |    69 |       ||   233
       Kite shield       |       |       |       |       |   415 |   648 ||  1063
       Reflection        |       |       |       |       |    25 |    43 ||    68

Table legend:
 A = Non-vault XP
 B = Vault XP
 C = Vault XP percentage of total XP
 D = Non-vault monster count
 E = Vault monster count
 F = Vault count percentage of total count
                 A         B        C        D         E       F
            +---------+---------+-------+---------+---------+-------
      Total |  166122 |   59644 |  26.4 |     669 |     217 |  24.5
            +---------+---------+-------+---------+---------+-------
        D:1 |      33 |       0 |   0.0 |      20 |       0 |   0.0
        D:2 |      29 |      20 |  40.8 |      15 |       8 |  34.8
        D:3 |     316 |       0 |   0.0 |      23 |       0 |   0.0
        D:4 |     232 |       0 |   0.0 |      12 |       0 |   0.0
        D:5 |    1015 |     140 |  12.1 |      27 |       5 |  15.6
        D:6 |    1267 |      96 |   7.0 |      25 |       1 |   3.8
        D:7 |     844 |     429 |  33.7 |      28 |       2 |   6.7
        D:8 |     889 |     915 |  50.7 |      33 |       4 |  10.8
        D:9 |    1903 |    1637 |  46.2 |      15 |      27 |  64.3
       D:10 |    1705 |    1198 |  41.3 |      27 |       6 |  18.2
       D:11 |    1873 |     666 |  26.2 |      17 |       2 |  10.5
       D:12 |    3547 |    1168 |  24.8 |      11 |      20 |  64.5
       D:13 |    5585 |    5800 |  50.9 |      15 |       9 |  37.5
       D:14 |    9996 |    2563 |  20.4 |      16 |       7 |  30.4
       D:15 |    3261 |    5011 |  60.6 |       6 |      11 |  64.7
     Lair:1 |     898 |     542 |  37.6 |       5 |       1 |  16.7
     Lair:2 |    4907 |     345 |   6.6 |      17 |       8 |  32.0
     Lair:3 |    5016 |    1016 |  16.8 |      17 |       2 |  10.5
     Lair:4 |    5577 |     387 |   6.5 |      22 |       3 |  12.0
     Lair:5 |   10061 |   10095 |  50.1 |      32 |      24 |  42.9
   Shoals:1 |   31501 |       0 |   0.0 |      57 |       0 |   0.0
   Shoals:2 |    7591 |       0 |   0.0 |      19 |       0 |   0.0
   Shoals:3 |    3095 |       0 |   0.0 |       8 |       0 |   0.0
   Spider:1 |   16935 |    4750 |  21.9 |      50 |      10 |  16.7
   Spider:2 |   18157 |    2821 |  13.4 |      36 |       2 |   5.3
   Spider:3 |   22317 |     835 |   3.6 |      54 |       1 |   1.8
      Orc:1 |    4512 |    6575 |  59.3 |      40 |       9 |  18.4
      Orc:2 |    3060 |    4341 |  58.7 |      22 |      34 |  60.7
   Gauntlet |       0 |    8294 | 100.0 |       0 |      21 | 100.0
            +---------+---------+-------+---------+---------+-------
